 Dungeon Crawl Stone Soup version 0.22-a0-596-gfbd32a6 (webtiles) character file.

74 royokou the Conjurer (level 4, 0/30 HPs)
             Began as a Human Conjurer on July 6, 2018.
             Slain by a hound (5 damage)
             ... on level 2 of the Dungeon.
             The game lasted 00:03:31 (1439 turns).

royokou the Conjurer (Human Conjurer)               Turns: 1439, Time: 00:03:31

Health: 0/30       AC:  2    Str:  8    XL:     4   Next: 52%
Magic:  1/8        EV: 12    Int: 16    God:
Gold:   130        SH:  0    Dex: 14    Spells: 3/9 levels left

rFire    . . .     SeeInvis .   g - +0 dagger
rCold    . . .     Gourm    .   (no shield)
rNeg     . . .     Faith    .   b - +0 robe
rPois    .         Spirit   .   (no helmet)
rElec    .         Reflect  .   (no cloak)
rCorr    .         Harm     .   (no gloves)
MR       .....                  (no boots)
Stlth    ++........             (no amulet)
HPRegen  0.10/turn              (no ring)
MPRegen  0.11/turn              (no ring)

@: no status effects
A: no striking features
a: no special abilities


You were on level 2 of the Dungeon.
You were not hungry.

You visited 1 branch of the dungeon, and saw 2 of its levels.

You collected 130 gold pieces.

Inventory:

Hand Weapons
 d - a +0 club
 g - a +0 dagger (weapon)
Armour
 a - a +0 robe
 b - a +0 robe (worn)
 i - a +0 chain mail
Scrolls
 e - 2 scrolls of enchant weapon {unknown}
 f - a scroll of remove curse {unknown}
 h - a scroll of identify {unknown}
 j - a scroll of blinking {unknown}
Potions
 k - 2 potions of lignification {unknown}
 l - a potion of curing {unknown}
Comestibles
 c - a ration


   Skills:
 - Level 2.0 Dodging
 - Level 2.0 Stealth
 + Level 3.2 Spellcasting
 + Level 4.9 Conjurations


You had 3 spell levels left.
You knew the following spells:

 Your Spells              Type           Power        Failure   Level  Hunger
a - Magic Dart            Conj           ###.         2%          1    None
b - Searing Ray           Conj           ###...       3%          2    ##.....
c - Dazzling Spray        Conj/Hex       ##....       21%         3    ###....

Your spell library contained the following spells:

 Spells                   Type           Power        Failure   Level  Hunger
 Iskenderun's Mystic Bla  Conj           ###.....     24%         4    ####...
 Fulminant Prism          Conj/Hex       ##........   54%         4    ####...
 Force Lance              Conj/Tloc      ##......     54%         4    ####...


Dungeon Overview and Level Annotations

Branches:
Dungeon (2/15)

Altars:
Makhleb


Message History

The hound is severely wounded.
You feel sick.
You are no longer poisoned.
The hound bites you. The hound barely misses you.
Casting: Magic Dart (safe; 2% risk of failure)
Confirm with . or Enter, or press ? or * to list all spells.
You don't have enough magic to cast that spell.
Unknown command.
You hit the hound.
The hound is severely wounded.
The hound bites you but does no damage.
You hit the hound but do no damage.
The hound is severely wounded.
The hound misses you. The hound bites you.
* * * LOW HITPOINT WARNING * * *
The hound bites you.
* * * LOW HITPOINT WARNING * * *
The hound misses you. The hound bites you.
You die...

#.# ####..... ##.##.#...######
..# ..... #.##........... .##
#...# #.......#####.# .. #...#
#......## .## #...# #####.## .# .
#...####### ##.###### # .# ..
#.........# #.......##.. .#
...##....###h.# #..####..... .#
..........@..###..####..†.. .#
...##..........##..#........ .#
._ #.........###..#.##..<.. .# #
#....###..##...#.##..... #####
#.........##...........# ###.###
#...####.###.###.#####.# ......#
#...##..............# .#
....#>####...##.##..###P.....<...
.##..........##.#P.....#..##.##.#


You could see a hound.

Vanquished Creatures
  4 adders (D:2)
  3 dart slugs
  A leopard gecko (D:2)
  A ball python (D:1)
  8 bats
  A giant cockroach (D:2)
  3 goblins (D:1)
  A hobgoblin (D:2)
  3 kobolds (D:1)
  4 frilled lizards
  9 rats
38 creatures vanquished.

Notes
Turn   | Place    | Note
-------+----------+-------------------------------------------
     0 | D:1      | royokou the Human Conjurer began the quest for the Orb.
     0 | D:1      | Reached XP level 1. HP: 13/13 MP: 3/3
   163 | D:1      | Reached XP level 2. HP: 18/19 MP: 0/5
   383 | D:1      | Learned a level 2 spell: Searing Ray
   588 | D:1      | Reached XP level 3. HP: 24/24 MP: 3/6
  1308 | D:2      | Reached XP level 4. HP: 30/30 MP: 5/8
  1333 | D:2      | Learned a level 3 spell: Dazzling Spray
  1426 | D:2      | Found a burning altar of Makhleb.
  1439 | D:2      | Slain by a hound

Vault maps used:
D:1:      onia_arrival_handbag
D:2:      cheibrodos_old_hovel, makhleb_heckhound_becter

Skill      XL: |  1  2  3 |
---------------+----------+-----
Spellcasting   | 3 |  3.2
Dodging        | |  2.0
Stealth        | |  2.0
Conjurations   | |  4.9

Action                   |  1- 3 |  4- 6 || total
-------------------------+-------+-------++-------
Melee: Club              |     4 |       ||     4
       Unarmed           |     4 |       ||     4
       Dagger            |     2 |     4 ||     6
 Cast: Magic Dart        |    57 |    17 ||    74
  Eat: Chunk             |     2 |       ||     2
Armor: Robe              |     9 |     1 ||    10
Dodge: Dodged            |    30 |     5 ||    35

Table legend:
 A = Spawn XP
 B = Non-spawn XP
 C = Spawn XP percentage of total XP
 D = Spawn monster count
 E = Non-spawn monster count
 F = Spawn count percentage of total count
 G = Total turns spent on level
                    A         B        C        D         E        F      G
               +---------+---------+-------+---------+---------+-------+---------
         Total |       0 |     106 |   0.0 |       0 |      38 |   0.0 |  1439
               +---------+---------+-------+---------+---------+-------+---------
           D:1 |       0 |      37 |   0.0 |       0 |      24 |   0.0 |   981
           D:2 |       0 |      69 |   0.0 |       0 |      14 |   0.0 |   458
               +---------+---------+-------+---------+---------+-------+---------
